 Dungeon Crawl Stone Soup version 0.22.1-2-g9c5b331 (webtiles) character file.

580 havocjr2 the Firebug (level 7, 0/51 HPs)
             Began as a Gnoll Fire Elementalist on Dec 20, 2018.
             Was an Initiate of Vehumet.
             Killed from afar by an orc wizard (5 damage)
             ... with a magic dart
             ... on level 5 of the Dungeon.
             The game lasted 00:34:25 (3516 turns).

havocjr2 the Firebug (Gnoll Fire Elementalist)      Turns: 3516, Time: 00:34:25

Health: 0/51       AC:  4    Str:  8    XL:     7   Next: 36%
Magic:  4/15       EV: 15    Int: 19    God:    Vehumet [......]
Gold:   218        SH:  0    Dex: 16    Spells: 11/17 levels left

rFire    . . .     SeeInvis .   i - +2 hand axe (vamp)
rCold    . . .     Gourm    .   (no shield)
rNeg     + . .     Faith    .   a - +2 robe
rPois    .         Spirit   .   (no helmet)
rElec    .         Reflect  .   (no cloak)
rCorr    .         Harm     .   (no gloves)
MR       .....                  (no boots)
Stlth    +++.......             (no amulet)
HPRegen  0.17/turn              g - ring of positive energy
MPRegen  0.14/turn              q - -2 ring of strength (curse)

@: no status effects
A: distributed training, fangs 1, strong nose
a: Renounce Religion


You were on level 5 of the Dungeon.
You worshipped Vehumet.
Vehumet was noncommittal.
You were not hungry.

You visited 1 branch of the dungeon, and saw 5 of its levels.

You collected 218 gold pieces.

Inventory:

Hand Weapons
 i - a +2 vampiric hand axe (weapon)
Missiles
 e - 2 javelins
 l - a tomahawk (quivered)
Armour
 a - a +2 robe (worn)
Jewellery
 f - a +3 ring of intelligence {unknown}
 g - a ring of positive energy (left hand)
 q - a cursed -2 ring of strength (right hand)
Wands
 h - a wand of digging (20)
Scrolls
 j - 3 scrolls of teleportation
 k - 5 scrolls of identify
 o - 3 scrolls of blinking
Potions
 d - a potion of magic
 n - 2 potions of degeneration {unknown}
 p - a potion of curing {unknown}
 r - 2 potions of brilliance {unknown}
Comestibles
 b - a chunk of flesh
 c - 12 rations


   Skills:
 + Level 2.4 Fighting
 + Level 2.4 Short Blades
 + Level 2.4 Long Blades
 + Level 2.4 Axes
 + Level 2.4 Maces & Flails
 + Level 2.4 Polearms
 + Level 2.4 Staves
 + Level 2.4 Slings
 + Level 2.4 Bows
 + Level 2.4 Crossbows
 + Level 2.4 Throwing
 + Level 2.4 Armour
 + Level 5.2 Dodging
 + Level 4.8 Stealth
 + Level 2.4 Shields
 + Level 2.4 Unarmed Combat
 + Level 5.6 Spellcasting
 + Level 2.9 Conjurations
 + Level 2.0 Hexes
 + Level 2.0 Charms
 + Level 2.0 Summonings
 + Level 2.0 Necromancy
 + Level 2.0 Translocations
 + Level 2.0 Transmutations
 + Level 5.8 Fire Magic
 + Level 2.0 Ice Magic
 + Level 2.0 Air Magic
 + Level 2.0 Earth Magic
 + Level 2.0 Poison Magic
 + Level 2.6 Invocations
 + Level 2.4 Evocations


You had 11 spell levels left.
You knew the following spells:

 Your Spells              Type           Power        Failure   Level  Hunger
a - Flame Tongue          Conj/Fire      ###..        1%          1    None
b - Throw Flame           Conj/Fire      ###...       3%          2    None
c - Inner Flame           Hex/Fire       ###.....     7%          3    ##.....

Your spell library contained the following spells:

 Spells                   Type           Power        Failure   Level  Hunger
 Conjure Flame            Conj/Fire      ###.....     6%          3    ##.....
 Sticky Flame             Conj/Fire      ###.....     19%         4    ####...
 Fireball                 Conj/Fire      ###.......   47%         5    #####..


Dungeon Overview and Level Annotations

Branches:
Dungeon (5/15)
 Temple: D:4-7

Altars:
Vehumet


Innate Abilities, Weirdness & Mutations

Your experience applies equally to all skills.
You have very sharp teeth.
Your uncanny sense of smell can sniff out nearby items.


Message History

The orc wizard is lightly wounded.
You hear some strange, mumbled words.
The orc wizard casts a spell.
The orc wizard flickers and vanishes!
The orc wizard hits you but does no damage.
The orc wizard casts a spell at you. The puff of frost hits you!
* * * LOW HITPOINT WARNING * * *
The orc wizard gestures at you while chanting.
The puff of frost misses you.
Casting: Flame Tongue (safe; 1% risk of failure)
Confirm with . or Enter, or press ? or * to list all spells.
Aiming: Flame Tongue (safe; 1% risk of failure)
Press: ? - help, Shift-Dir - straight line, f/p - orc wizard
Aim: an orc wizard, wielding a dagger and wearing a robe (lightly wounded, The flame tongue hits the orc wizard.
The orc wizard is heavily wounded.
The orc wizard gestures at you while chanting.
The magic dart hits you!
You die...

#.#.# #.# %....
#.#.# #.# #....
#.#.# #.# #.S..
#.#.# #.# #.)$.
#.#.# #.# #....
#.#.# #.# ... ∆
#.#.# #..
#)##############.#.#
###
#..S..o...@......#.#
###############....#
#.#### #.###########
#............
#############


You could see an orc wizard (inner flame) and an adder.

Vanquished Creatures
  A scorpion (D:4)
  3 hounds
  2 orc priests (D:5)
  A jelly (D:3)
  Jessica (D:3)
  Ijyb (D:3)
  3 orc wizards
  A worker ant zombie (D:5)
  8 adders
  5 oozes
  An adder skeleton (D:4)
  A dart slug (D:3)
  A leopard gecko (D:2)
  18 orcs
  A ball python (D:1)
  5 giant cockroaches
  7 hobgoblins
  7 jackals
  5 kobolds
  4 quokkas
  3 bats
  3 frilled lizards
  14 goblins
  A leopard gecko skeleton (D:4)
  4 rats (D:1)
101 creatures vanquished.

Notes
Turn   | Place    | Note
-------+----------+-------------------------------------------
     0 | D:1      | havocjr2 the Gnoll Fire Elementalist began the quest for
                  | the Orb.
     0 | D:1      | Reached XP level 1. HP: 13/13 MP: 6/6
   169 | D:1      | Reached XP level 2. HP: 19/19 MP: 4/7
   217 | D:1      | Learned a level 2 spell: Throw Flame
   331 | D:1      | Reached XP level 3. HP: 25/25 MP: 1/9
   415 | D:1      | Reached skill level 5 in Spellcasting
   762 | D:2      | Reached skill level 1 in Invocations
   844 | D:2      | Reached skill level 1 in Fighting
   844 | D:2      | Reached skill level 1 in Short Blades
   844 | D:2      | Reached skill level 1 in Long Blades
   844 | D:2      | Reached skill level 1 in Axes
   844 | D:2      | Reached skill level 1 in Maces & Flails
   844 | D:2      | Reached skill level 1 in Polearms
   844 | D:2      | Reached skill level 1 in Staves
   844 | D:2      | Reached skill level 1 in Slings
   844 | D:2      | Reached skill level 1 in Bows
   844 | D:2      | Reached skill level 1 in Crossbows
   844 | D:2      | Reached skill level 1 in Throwing
   844 | D:2      | Reached skill level 1 in Armour
   844 | D:2      | Reached skill level 1 in Shields
   844 | D:2      | Reached skill level 1 in Unarmed Combat
   844 | D:2      | Reached skill level 1 in Evocations
   881 | D:2      | Reached XP level 4. HP: 32/32 MP: 6/11
  1371 | D:3      | Reached skill level 1 in Hexes
  1371 | D:3      | Reached skill level 1 in Charms
  1371 | D:3      | Reached skill level 1 in Summonings
  1371 | D:3      | Reached skill level 1 in Necromancy
  1371 | D:3      | Reached skill level 1 in Translocations
  1371 | D:3      | Reached skill level 1 in Transmutations
  1371 | D:3      | Reached skill level 1 in Ice Magic
  1371 | D:3      | Reached skill level 1 in Air Magic
  1371 | D:3      | Reached skill level 1 in Earth Magic
  1371 | D:3      | Reached skill level 1 in Poison Magic
  1480 | D:3      | Reached XP level 5. HP: 37/37 MP: 0/12
  1492 | D:3      | Noticed Ijyb
  1605 | D:3      | Killed Ijyb
  1669 | D:3      | Noticed Jessica
  1694 | D:3      | Killed Jessica
  1916 | D:3      | Learned a level 3 spell: Inner Flame
  2068 | D:3      | Reached XP level 6. HP: 44/44 MP: 6/13
  2469 | D:4      | Reached skill level 5 in Dodging
  2611 | D:4      | Found a radiant altar of Vehumet.
  2615 | D:4      | Became a worshipper of Vehumet
  2931 | D:5      | Entered Level 5 of the Dungeon
  2945 | D:5      | Reached XP level 7. HP: 50/50 MP: 9/15
  3516 | D:5      | Killed from afar by an orc wizard

Skill      XL: |  1  2  3  4  5  6  7 |
---------------+----------------------+-----
Conjurations   | 2 |  2.9
Spellcasting   | 5 |  5.6
Invocations    | 1 2 |  2.6
Fighting       | 1 2 |  2.4
Short Blades   | 1 2 |  2.4
Long Blades    | 1 2 |  2.4
Axes           | 1 2 |  2.4
Maces & Flails | 1 2 |  2.4
Polearms       | 1 2 |  2.4
Staves         | 1 2 |  2.4
Slings         | 1 2 |  2.4
Bows           | 1 2 |  2.4
Crossbows      | 1 2 |  2.4
Throwing       | 1 2 |  2.4
Armour         | 1 2 |  2.4
Shields        | 1 2 |  2.4
Unarmed Combat | 1 2 |  2.4
Evocations     | 1 2 |  2.4
Hexes          | 1 2 |  2.0
Charms         | 1 2 |  2.0
Summonings     | 1 2 |  2.0
Necromancy     | 1 2 |  2.0
Translocations | 1 2 |  2.0
Transmutations | 1 2 |  2.0
Ice Magic      | 1 2 |  2.0
Air Magic      | 1 2 |  2.0
Earth Magic    | 1 2 |  2.0
Poison Magic   | 1 2 |  2.0
Dodging        | 5 |  5.2
Stealth        | |  4.8
Fire Magic     | |  5.8

Action                   |  1- 3 |  4- 6 |  7- 9 || total
-------------------------+-------+-------+-------++-------
Melee: Unarmed           |     4 |       |       ||     4
       Hand axe          |    12 |    70 |    40 ||   122
       Bite              |       |     2 |     1 ||     3
       Punch             |       |       |     1 ||     1
Throw: Tomahawk          |       |     4 |       ||     4
       Javelin           |       |     3 |       ||     3
 Cast: Flame Tongue      |    21 |    41 |    22 ||    84
       Throw Flame       |    11 |    53 |     4 ||    68
       Inner Flame       |       |     1 |     2 ||     3
  Use: Scroll            |     3 |     4 |       ||     7
       Potion            |       |     2 |       ||     2
 Stab: Sleeping          |     1 |     2 |       ||     3
  Eat: Ration            |     1 |       |       ||     1
       Chunk             |     1 |     7 |     2 ||    10
Armor: Robe              |     3 |     6 |    11 ||    20
       Skin              |       |    17 |       ||    17
Dodge: Dodged            |    18 |    48 |    42 ||   108
